 Dungeon Crawl Stone Soup version 0.31-a0-1206-g41278d8d1d (webtiles) character file.

Game seed: 6325736793139705577

35 Firecrotchwizard the Poker (level 3, -1/33 HPs)
             Began as a Hill Orc Monk on Dec 14, 2023.
             Slain by a goblin
             ... wielding a +0 club
             ... led by Robin
              (5 damage)
             ... on level 2 of the Dungeon.
             The game lasted 00:01:39 (717 turns).

Firecrotchwizard the Poker (Hill Orc Monk)           Turns: 717, Time: 00:01:40

Health: -1/33      AC:  3    Str: 15    XL:     3   Next: 33%
Magic:  3/3        EV: 12    Int: 10    God:
Gold:   50         SH:  0    Dex: 13    Spells: 2/2 levels left

rFire   . . .        a - +0 spear
rCold   . . .        d - orb {light}
rNeg    . . .        j - +0 leather armour
rPois   .            (no helmet)
rElec   .            (no cloak)
rCorr   .            (no gloves)
SInv    .            (no boots)
Will    .....        (no amulet)
Stlth   +            (no ring)
HPRegen 0.25/turn    (no ring)
MPRegen 0.08/turn

%: no passive effects
@: glowing
A: no striking features
a: no special abilities


You were on level 2 of the Dungeon.
You visited 1 branch of the dungeon, and saw 2 of its levels.

You collected 50 gold pieces.

Inventory:

Hand Weapons
 a - a +0 spear (weapon)
Armour
 b - a +0 robe
 d - an orb of light (worn)
 g - a +0 kite shield
 j - a +0 leather armour (worn)
Scrolls
 f - a scroll of enchant armour {unknown}
 i - a scroll of summoning {unknown}
Potions
 c - a potion of ambrosia
 e - a potion of resistance {unknown}
 h - a potion of magic {unknown}
 k - a potion of curing {unknown}


   Skills:
 + Level 4.2 Fighting
 * Level 4.3 Polearms
 - Level 2.4 Dodging


You had 2 spell levels left.
You didn't know any spells.
Your spell library was empty.

Dungeon Overview and Level Annotations

Branches:
Dungeon (2/15)

Altars:


Message History

No target in view!
No target in view!
You start waiting.
A goblin is nearby!
You reach to attack!
You hit the goblin.
You kill the goblin!
No target in view!
You start waiting.
A hobgoblin is nearby!
You reach to attack!
You hit the hobgoblin.
The hobgoblin is heavily wounded.
You reach to attack!
You hit the hobgoblin but do no damage.
The hobgoblin is heavily wounded.
You hit the hobgoblin.
You kill the hobgoblin!
You have reached level 3!
Your experience leads to an increase in your attributes!
Increase (s)trength, (i)ntelligence, or (d)exterity?
You feel stronger. x2
You start waiting.
Done waiting.
You start waiting.
Done waiting.
You start waiting.
Done waiting.
You start waiting.
Robin of the Strong Arm comes into view.
They are wielding a +4 whip.
You have nothing you can fire or use right now.
You aren't carrying any items that you can evoke.
Robin shouts!
A goblin comes into view. It is wielding a +0 club.
A goblin comes into view. It is wielding a +0 dagger.
The goblin shouts!
You hear a shout! x2
Robin roars a battlecry!
The goblins go into a battle-frenzy!
You hit Robin.
Robin is lightly wounded.
Robin throws the goblin at you! The goblin misses you.
You hit Robin but do no damage.
Robin is lightly wounded.
A goblin comes into view. It is wielding a +0 club.
Robin closely misses you. The goblin hits you with a +0 dagger.
You hit Robin.
Robin is lightly wounded.
A goblin comes into view. It is wielding a +0 dagger.
Robin throws the goblin at you! The goblin closely misses you.
You hit Robin.
Robin is lightly wounded.
The goblin misses you. Robin closely misses you.
You hit Robin but do no damage.
Robin is lightly wounded.
The goblin barely misses you.
A goblin comes into view. It is wielding a +0 dagger.
The goblin completely misses you. Robin hits you with a +4 whip.
You hit Robin.
Robin is heavily wounded.
The goblin hits you but does no damage. The goblin hits you with a +0 club.
You hit Robin.
Robin is severely wounded.
The goblin barely misses you. The goblin hits you but does no damage.
You hit Robin but do no damage.
Robin is severely wounded.
You hear a shout!
Robin hits you with a +4 whip. The goblin barely misses you.
The goblin closely misses you.
You hit Robin but do no damage.
Robin is severely wounded.
Robin hits you with a +4 whip. The goblin barely misses you.
The goblin hits you but does no damage.
You hit Robin.
Robin is almost dead.
The goblin hits you with a +0 dagger.
Unknown command.
You hit Robin but do no damage.
Robin is almost dead.
The goblin closely misses you. Robin closely misses you.
The goblin completely misses you.
You hit Robin.
Robin is almost dead.
The goblin barely misses you. Robin hits you with a +4 whip.
* * * LOW HITPOINT WARNING * * *
You hit Robin.
You kill Robin!
The goblin hits you with a +0 dagger.
* * * LOW HITPOINT WARNING * * *
The goblin hits you with a +0 club.
* * * LOW HITPOINT WARNING * * *
A goblin comes into view. It is wielding a +0 dagger.
You closely miss the goblin. The goblin barely misses you.
The goblin closely misses you. x2
Unknown command.
You hit the goblin but do no damage. The goblin barely misses you.
The goblin hits you with a +0 club.
* * * LOW HITPOINT WARNING * * *
The goblin hits you but does no damage.
You hit the goblin.
The goblin is moderately wounded.
The goblin no longer looks unusually strong.
The goblin hits you but does no damage. The goblin hits you with a +0 club.
You die...

. ..#.#.# #
# #.#.#.# ♣.
#.#.#.#
♣.##.#.#.#
♣........#
♣......###
♣###.#.#
♣###g#.#
♣..g@#.##
♣####gg.#
#.g..#
#....# #
#.#.##
#g#####
#.#.# g....#
#.#>#
#.#.####g#.#
#.g......#.#


You could see 5 goblins.

Vanquished Creatures
  Robin (D:2)
  A dart slug (D:2)
  A ball python (D:1)
  An endoplasm (D:2)
  2 giant cockroaches (D:1)
  3 hobgoblins
  A quokka (D:1)
  2 frilled lizards (D:2)
  4 goblins
  2 kobolds (D:1)
  3 rats
21 creatures vanquished.

Notes
Turn   | Place    | Note
-------+----------+-------------------------------------------
     0 | D:1      | Firecrotchwizard the Hill Orc Monk began the quest for the
                  | Orb.
     0 | D:1      | Reached XP level 1. HP: 19/19 MP: 1/1
    93 | D:1      | Reached XP level 2. HP: 27/27 MP: 2/2
   392 | D:2      | Reached XP level 3. HP: 33/33 MP: 3/3
   698 | D:2      | Noticed Robin
   714 | D:2      | Killed Robin
   717 | D:2      | Slain by a goblin

Illustrated notes

Levels and vault maps discovered:
D:1:      spicycebolla_green_bress_n_ham_2, layout_basic
D:2:      wander_river, layout_loops_ring,
          shapermc_ecumenical_altar_totnotflames, minmay_pentomino_z4,
          uniq_robin

Skill      XL: |  1  2 |
---------------+-------+-----
Fighting       | 4 |  4.2
Polearms       | 4 |  4.3
Dodging        | |  2.4

Action                     || total
---------------------------++-------
  Melee: Spear             ||    72
 Armour: Robe              ||    11
         Leather armour    ||    20
  Dodge: Dodged            ||    33

Table legend: (Time is in decaauts)
 A = Elapsed time spent in this place.
 B = Non-inter-level travel time spent in this place.
 C = Inter-level travel time spent in this place.
 D = Time resting spent in this place.
 E = Time spent auto-exploring this place.
 F = Levels seen in this place.
 G = Mean time per level.
                   A        B        C        D        E       F      G
               +--------+--------+--------+--------+--------+-----+--------+
         Total |    710 |    673 |     37 |    315 |    215 |   2 |  355.0 |
       Dungeon |    710 |    673 |     37 |    315 |    215 |   2 |  355.0 |
               +--------+--------+--------+--------+--------+-----+--------+

Top non-repeatable levels by time:
     D:2: 571 daAuts
     D:1: 138 daAuts
